 Dungeon Crawl Stone Soup version 0.30.0-19-g36f170ea60 (webtiles) character file.

Game seed: 3139595608461451045

886 TopTierWarrior the Covered (level 7, -3/61 HPs)
             Began as a Minotaur Fighter on May 30, 2023.
             Was a Plaything of Xom.
             Slain by an orc warrior
             ... wielding a +0 mace
              (10 damage)
             ... on level 5 of the Dungeon.
             The game lasted 01:05:07 (9004 turns).

TopTierWarrior the Covered (Minotaur Fighter)       Turns: 9004, Time: 01:05:07

Health: -3/61      AC:  9    Str: 22    XL:     7   Next: 76%
Magic:  5/5        EV: 10    Int: 15    God:    Xom [......]
Gold:   259        SH:  4    Dex: 10    Spells: 6/6 levels left

rFire   . . .        y - +4 spear "Jisawnaovi" {drain, Fly Int+4}
rCold   . . .        c - +0 buckler
rNeg    . . .        n - +0 scale mail
rPois   .            (helmet restricted)
rElec   .            r - +0 cloak {Stlth+}
rCorr   .            (no gloves)
SInv    +            (no boots)
Will    .....        (no amulet)
Stlth   +            D - +6 ring of intelligence
HPRegen 0.30/turn    v - ring of see invisible
MPRegen 0.09/turn

%: no passive effects
@: flying, unable to drink
A: horns 2, retaliatory headbutt, deterioration 1, low MP 1, sense surroundings
1, inability to drink after injury 2
a: Renounce Religion


You were on level 5 of the Dungeon.
You worshipped Xom.
You were a very special plaything of Xom.
You visited 1 branch of the dungeon, and saw 5 of its levels.

You collected 259 gold pieces.

Inventory:

Hand Weapons
 a - a +1 war axe
 o - a +2 quarterstaff of chaos
 y - the +4 spear "Jisawnaovi" (weapon) {drain, Fly Int+4}
   (You found it on level 2 of the Dungeon)

   Int:       It affects your intelligence (+4).
   Fly:       It grants you flight.
 E - a +0 dagger of draining
 J - a +0 club
 K - a +0 dagger
 M - a +0 dagger
 P - a +0 dagger
 Q - a +0 sling
 R - a +0 vampiric war axe
 S - a +0 club
 T - a +0 hand axe
 U - a +0 whip
 X - a +0 long sword
 Y - a +0 quarterstaff
Missiles
 g - 34 stones
Armour
 b - a +0 scale mail
 c - a +0 buckler (worn)
 i - a +0 ring mail
 l - a +0 ring mail
 n - a +0 scale mail (worn)
 r - a +0 cloak of stealth (worn)
 N - a +0 animal skin
 O - a +0 helmet
 V - a +0 cloak
Magical Staves
 C - a staff of air
Jewellery
 d - a ring of see invisible
 f - a ring of wizardry
 v - a ring of see invisible (right hand)
 A - a ring of protection from fire
 D - a +6 ring of intelligence (left hand)
Wands
 L - a wand of light (6)
Scrolls
 h - a scroll of immolation {unknown}
 k - 3 scrolls of teleportation {unknown}
 m - a scroll of fear {unknown}
 p - a scroll of blinking {unknown}
 q - 3 scrolls of identify {unknown}
 s - a scroll of noise
 u - a scroll of poison {unknown}
 w - a scroll of magic mapping {unknown}
 x - a scroll of enchant armour {unknown}
 z - a scroll of amnesia {unknown}
 Z - 4 scrolls of vulnerability {unknown}
Potions
 e - 2 potions of curing
 j - 2 potions of lignification {unknown}
 t - a potion of flight {unknown}
 B - 2 potions of berserk rage {unknown}
 F - a potion of invisibility {unknown}
 W - 2 potions of might


   Skills:
 + Level 5.3 Fighting
 - Level 3.7(5.0) Axes
 * Level 5.0(5.6) Polearms
 - Level 7.2 Armour
 - Level 1.9 Dodging
 - Level 1.1 Stealth
 - Level 4.8 Shields


You had 6 spell levels left.
You didn't know any spells.
Your spell library contained the following spells:

 Spells                   Type           Power      Damage    Failure   Level
 Magic Dart               Conj           0%         1d3       61%         1
 Call Imp                 Summ           0%         N/A       75%         2
 Mephitic Cloud           Conj/Pois/Air  0%         N/A       93%         3


Dungeon Overview and Level Annotations

Branches:
Dungeon (5/15)
 Temple: D:4-7

Altars:
Xom

Shops:
D:1 :   D:5 *(

Portals:
Sewer: D:5


Innate Abilities, Weirdness & Mutations

You have a pair of horns on your head.
You reflexively headbutt those who attack you in melee.
Your body sometimes deteriorates upon taking damage.
Your magical capacity is low. (-10% MP)
You passively map a small area around you.
You sometimes lose the ability to drink potions when taking damage.


Message History

The orc hits you with a +0 mace!
You wake up.
The orc warrior completely misses you. You furiously retaliate!
You headbutt the orc warrior, but do no damage.
You block the sleepcap's attack. The sleepcap attacks as you move away!
The sleepcap closely misses you.
The orc warrior hits you with a +0 mace!
You hit the orc.
The orc is heavily wounded.
The orc warrior barely misses you. The orc hits you but does no damage.
The sleepcap releases spores at you but does no damage.
The sleepcap attacks as you move away! The sleepcap closely misses you.
The orc warrior barely misses you. The orc hits you but does no damage.
The sleepcap barely misses you. You furiously retaliate!
You headbutt the sleepcap!
You hit the orc warrior but do no damage.
The orc warrior is lightly wounded.
The orc warrior barely misses you.
The sleepcap releases spores at you but does no damage.
You hit the orc warrior. You drain the orc warrior.
The orc warrior is heavily wounded.
The orc warrior hits you with a +0 mace!
The orc barely misses you.
The sleepcap releases spores at you but does no damage.
You hit the orc warrior but do no damage.
You headbutt the orc warrior, but do no damage.
The orc warrior is heavily wounded.
You barely miss the orc warrior.
The orc warrior is heavily wounded.
The orc warrior hits you but does no damage.
The orc hits you with a +0 mace.
* * * LOW HITPOINT WARNING * * *
The sleepcap releases spores at you.
* * * LOW HITPOINT WARNING * * *
You are engulfed in a cloud of soporific spores!
You fall asleep.
The orc hits you with a +0 mace.
You wake up.
* * * LOW HITPOINT WARNING * * *
The orc warrior hits you with a +0 mace!
You die...
Xom thinks this is hilarious!

* .### * * #..<. * , ...# *
..., * ##.# #.... * ,
##..##.....# ,
###.)).......#
###.oof#####...# *,,
#....@#### ..###
###..#####.. #...####.
##....# #.# ###.#......
#..##.# #.# #.........#
#.###.#####.###....##..##
#.# #.##...[[...#.##**
###.###.##.######.#.#######
#..........# ..#..>..#..
#...#..##### #.######...#


You could see an orc warrior (very drained), a sleepcap and an orc.

Vanquished Creatures
  A wyvern (D:3)
  The ghost of Kamelo the Digger, an amateur GrEE (D:3)
  Blork the orc (D:4)
  2 scorpions (D:4)
  A killer bee (D:4)
  A hound (D:5)
  A gnoll bouda (D:4)
  Crazy Yiuf (D:4)
  A jelly (D:4)
  Natasha (twice) (D:2)
  Robin (D:3)
  5 gnolls (D:4)
  6 adders
  A worm (D:2)
  4 dart slugs
  5 orcs
  A bat (D:1)
  4 endoplasms
  4 giant cockroaches
  9 hobgoblins
  4 jackals (D:1)
  3 quokkas
  8 ball pythons
  2 frilled lizards
  12 goblins
  8 kobolds
  3 rats (D:3)
92 creatures vanquished.

Vanquished Creatures (collateral kills)
  A phantom (D:3)
1 creature vanquished.

Vanquished Creatures (others)
  A goblin (D:3)
1 creature vanquished.

Grand Total: 94 creatures vanquished

Notes
Turn   | Place    | Note
-------+----------+-------------------------------------------
     0 | D:1      | TopTierWarrior the Minotaur Fighter began the quest for the
                  | Orb.
     0 | D:1      | Reached XP level 1. HP: 19/19 MP: 0/0
   258 | D:1      | Reached XP level 2. HP: 27/27 MP: 1/1
   305 | D:1      | Found a faded altar of an unknown god.
   388 | D:1      | Reached skill level 4 in Armour
   719 | D:1      | Found Qeofuneh's Book Boutique.
   859 | D:1      | Prayed at the altar of an unknown god.
   859 | D:1      | Became a worshipper of Xom of Chaos
  1041 | D:1      | XOM: silly message
  1820 | D:2      | Reached XP level 3. HP: 28/33 MP: 2/2
  2164 | D:2      | Identified the +4 spear "Jisawnaovi" {drain, Fly Int+4}
  2330 | D:2      | Noticed Natasha
  2334 | D:2      | Killed Natasha
  2335 | D:2      | Reached XP level 4. HP: 38/40 MP: 3/3
  2907 | D:2      | Noticed Natasha
  2908 | D:2      | XOM: noise
  2911 | D:2      | XOM: potion effect (berserk rage)
  2934 | D:2      | Killed Natasha
  2935 | D:2      | Reached skill level 1 in Polearms
  2935 | D:2      | Reached skill level 1 in Dodging
  3378 | D:3      | Noticed a phantom
  3383 | D:3      | XOM: potion effect (invisibility)
  3423 | D:3      | XOM: noise
  3437 | D:3      | XOM: 2-stop teleportation journey
  3484 | D:3      | Found a runed translucent gate.
  3484 | D:3      | Found a runed translucent gate.
  3484 | D:3      | Found a runed translucent gate.
  3484 | D:3      | XOM: 1-stop teleportation journey
  3485 | D:3      | Noticed Kamelo's ghost (amateur GrEE)
  3505 | D:3      | Noticed Robin
  3539 | D:3      | Killed Robin
  3551 | D:3      | Reached XP level 5. HP: 41/46 MP: 4/4
  3693 | D:3      | XOM: give mutations
  3693 | D:3      | Gained mutation: You occasionally lose the ability to drink
                  | potions when taking damage. [Xom's mischief]
  3693 | D:3      | Gained mutation: You sometimes lose the ability to drink
                  | potions when taking damage. [Xom's mischief]
  3693 | D:3      | Gained mutation: Your magical capacity is low. (-10% MP)
                  | [Xom's mischief]
  3693 | D:3      | Gained mutation: You are partially covered in iridescent
                  | scales. (AC +2) [Xom's mischief]
  3727 | D:3      | Reached skill level 5 in Armour
  3729 | D:3      | XOM: smoke on damage
  3731 | D:3      | Killed Kamelo's ghost
  3892 | D:3      | a worm changed into a wyvern
  3892 | D:3      | Noticed a wyvern
  3892 | D:3      | XOM: polymorph worm -> wyvern
  3897 | D:3      | XOM: confusion
  3898 | D:3      | XOM: god gift: book of Minor Magic
  3900 | D:3      | XOM: cleaving
  3910 | D:3      | XOM: cast spell 'Summon Small Mammal'
  3911 | D:3      | Killed a phantom
  3912 | D:3      | Reached XP level 6. HP: 14/53 MP: 4/4
  3919 | D:3      | Killed a wyvern
  3920 | D:3      | Reached skill level 6 in Armour
  4760 | D:3      | XOM: cloud trail
  6049 | D:3      | XOM: noise
  6378 | D:2      | XOM: silly message
  6857 | D:2      | XOM: divination: detect items
  7224 | D:4      | Reached XP level 7. HP: 60/60 MP: 5/5
  7331 | D:4      | Reached skill level 1 in Stealth
  7361 | D:4      | Reached skill level 7 in Armour
  7383 | D:4      | XOM is BORED!
  7383 | D:4      | XOM: silly message
  7403 | D:4      | Noticed Blork the orc
  7417 | D:4      | Killed Blork the orc
  7705 | D:4      | Reached skill level 5 in Fighting
  7749 | D:4      | XOM: silly message
  8133 | D:4      | Found a runed translucent door.
  8134 | D:4      | Noticed Crazy Yiuf
  8144 | D:4      | Killed Crazy Yiuf
  8196 | D:4      | XOM: give mutation
  8196 | D:4      | Gained mutation: Your body sometimes deteriorates upon
                  | taking damage. [Xom's mischief]
  8378 | D:4      | XOM: give mutations
  8378 | D:4      | Gained mutation: You passively map a small area around you.
                  | [Xom's mischief]
  8378 | D:4      | Lost mutation: You are partially covered in iridescent
                  | scales. (AC +2) [Xom's mischief]
  8817 | D:5      | Entered Level 5 of the Dungeon
  8824 | D:5      | Found a glowing drain.
  8903 | D:5      | XOM: enchant monster (bad)
  8906 | D:5      | Reached skill level 5 in Polearms
  8930 | D:5      | Found Ocupnuqi's Weapon Boutique.
  8935 | D:5      | Found Viacif's General Store.
  8981 | D:5      | XOM: blink monster(s)
  9004 | D:5      | Slain by an orc warrior

Illustrated notes

Levels and vault maps discovered:
D:1:      eino_arrival_cavern_d, layout_loops_ring,
          ebering_ecumenical_altar_mist, serial_shops, shop
D:2:      layout_loops_corners, uniq_natasha
D:3:      layout_basic, gammafunk_ghost_split, uniq_robin
D:4:      minmay_chambers_of_fours, layout_basic, uniq_blork_the_orc,
          uniq_crazy_yiuf_cottage
D:5:      layout_rooms, portal_sewer_entry_d, serial_shops, shop,
          nicolae_shop_tiny_waterfront, nicolae_shop_tiny_waterfront, shop,
          shop, uniq_ijyb

Skill      XL: |  1  2  3  4  5  6  7 |
---------------+----------------------+-----
Armour         | 4 5 6 7 |  7.2
Shields        | 4 |  4.8
Axes           | 3 |  3.7
Fighting       | 4 5 |  5.3
Polearms       | 1 2 3 5 |  5.0
Dodging        | 1 |  1.9
Stealth        | 1 |  1.1

Action                     |  1- 3 |  4- 6 |  7- 9 || total
---------------------------+-------+-------+-------++-------
  Melee: War axe           |    58 |       |       ||    58
         Headbutt          |     8 |     6 |     9 ||    23
         Spear             |     8 |    50 |    86 ||   144
  Evoke: Wand              |       |     1 |       ||     1
    Use: Scroll            |     1 |     1 |       ||     2
         Potion            |       |     3 |     2 ||     5
   Stab: Invisible         |       |     1 |       ||     1
 Armour: Scale mail        |    38 |    50 |    41 ||   129
  Dodge: Dodged            |    29 |    67 |    63 ||   159
  Block: Buckler           |    18 |    21 |    24 ||    63
